 Dungeon Crawl Stone Soup version 0.31-a0-1074-g0b22e4e0f1 (webtiles) character file.

Game seed: 7338701232709759884

498 wildpjah the Ducker (level 7, 0/50 HPs)
             Began as a Djinni Gladiator on Nov 27, 2023.
             Was an Initiate of Gozag.
             Slain by a water moccasin (6 damage)
             ... on level 5 of the Dungeon on Dec 1, 2023.
             The game lasted 00:10:38 (3396 turns).

wildpjah the Ducker (Djinni Gladiator)              Turns: 3396, Time: 00:10:39

Health: 0/50       AC:  4    Str: 13    XL:     7   Next: 39%
Gold:   394        EV: 14    Int:  9    God:    Gozag SH:  0 Dex: 17

rFire   + + +        w - +0 short sword (elec)
rCold   x . .        (no shield)
rNeg    . . .        j - +0 leather armour {rF+}
rPois   ∞            c - +0 helmet
rElec   .            (no cloak)
rCorr   .            (no gloves)
SInv    .            (boots unavailable)
Will    .....        (no amulet)
Stlth   ++           (no ring)
HPRegen 0.28/turn    (no ring)
MPRegen 0.00/turn

%: infuse magic (-1 HP)
@: flying
A: sickness immunity, fire resistance 2, cold vulnerability 1, float, innate
caster, HP casting, extra vitality 1
a: Renounce Religion, Potion Petition, Call Merchant, Bribe Branch


You were on level 5 of the Dungeon.
You worshipped Gozag.
Gozag was aware of your devotion.
You visited 1 branch of the dungeon, and saw 5 of its levels.

You collected 394 gold pieces.

Inventory:

Hand Weapons
 a - a +0 long sword
 f - a +1 dagger of draining
 w - a +0 short sword of electrocution (weapon)
Missiles
 d - 3 throwing nets
 e - a javelin
Armour
 b - a +0 leather armour
 c - a +0 helmet (worn)
 j - a +0 leather armour of fire resistance (worn)
Wands
 s - a wand of flame (26)
Scrolls
 g - 6 scrolls of identify {unknown}
 h - 2 scrolls of teleportation {unknown}
 m - 2 scrolls of poison {unknown}
 p - a scroll of vulnerability {unknown}
 q - a scroll of revelation {unknown}
 t - a scroll of fear {unknown}
 u - a scroll of silence {unknown}
 v - a scroll of noise {unknown}
 y - a scroll of fog {unknown}
Potions
 i - 2 potions of magic {unknown}
 k - a potion of degeneration {unknown}
 l - a potion of berserk rage {unknown}
 n - a potion of curing {unknown}
 o - a potion of might {unknown}
 r - a potion of enlightenment {unknown}
 x - a potion of heal wounds {unknown}
 z - a potion of lignification {unknown}


   Skills:
 * Level 3.5 Fighting
 + Level 0.7(2.7) Short Blades
 + Level 4.1(4.2) Long Blades
 + Level 1.6 Throwing
 + Level 2.6 Armour
 * Level 4.9 Dodging
 + Level 1.1 Stealth
 * Level 1.2 Spellcasting
 * Level 1.2 Conjurations
 * Level 1.2 Hexes
 * Level 1.2 Summonings
 * Level 1.2 Necromancy
 * Level 1.2 Translocations
 * Level 1.2 Transmutations
 * Level 1.2 Fire Magic
 * Level 1.2 Ice Magic
 * Level 1.2 Air Magic
 * Level 1.2 Earth Magic
 * Level 1.2 Poison Magic


You knew the following spells:

 Your Spells              Type           Power      Damage    Failure   Level
a - Summon Small Mammal   Summ           8%         N/A       28%         1
b - Static Discharge      Conj/Air       4%         3-4/arc   38%         2
c - Mephitic Cloud        Conj/Pois/Air  2%         N/A       63%         3
Your spell library was empty.

Dungeon Overview and Level Annotations

Branches:
Dungeon (5/15)             Temple (0/1) D:5

Altars:
Dithmenos
Gozag
Wu Jian

Shops:
D:4 (


Innate Abilities, Weirdness & Mutations

You are immune to sickness and miasma.
You are immune to poison.
Your flesh is very heat resistant. (rF++)
You are vulnerable to cold. (rC-)
You float through the air rather than walking.
You learn spells naturally, not from books.
Your magical power is your life essence.
You have superior vitality. (+4 MHP)


Message History

The water moccasin is heavily wounded.
Your bat closely misses the water moccasin.
Your bat misses the water moccasin.
Your bat closely misses the water moccasin.
The water moccasin bites you.
* * * LOW HITPOINT WARNING * * *
Your bat barely misses the water moccasin.
You hit the water moccasin.
The water moccasin is severely wounded.
Your bat misses the water moccasin. x2
The water moccasin bites you but does no damage.
You barely miss the water moccasin.
The water moccasin is heavily wounded.
The water moccasin bites you but does no damage.
Your bat closely misses the water moccasin.
You closely miss the water moccasin.
The water moccasin is heavily wounded.
Your bat barely misses the water moccasin.
Your bat closely misses the water moccasin.
The water moccasin bites you but does no damage.
Your bat completely misses the water moccasin.
Your bat closely misses the water moccasin.
The water moccasin closely misses you.
You closely miss the water moccasin.
The water moccasin is heavily wounded.
Your bat hits the water moccasin.
Your bat closely misses the water moccasin. x2
The water moccasin barely misses you.
You hit the water moccasin.
The water moccasin is severely wounded.
Your bat closely misses the water moccasin.
The water moccasin bites you!
* * * LOW HITPOINT WARNING * * *
You miss the water moccasin.
The water moccasin is severely wounded.
Your bat misses the water moccasin.
Your bat barely misses the water moccasin.
The water moccasin bites you.
You die...
Your body crumbles into a pile of gold.

.. ##..# ####.........#..
. #..## ##...........
##..# ###...^.###. #..#
#.....## #. ##.## #.....#
#. #######..####
#.....#####
#...........###..........
#.#.#.#S#.#..............
......b.@...#.....######.
..#....b..#.##...# ##
...$........##.##
..#...>...#.##.
............##
..#.......#.#
............. .#.#.#.#.#
#


You could see a water moccasin (ally target) and 2 friendly bats.

Vanquished Creatures
  An ogre (D:4)
  A phantom (D:4)
  A scorpion (D:4)
  A hound (D:4)
  4 iguanas
  8 adders
  A worm (D:4)
  A dart slug (D:4)
  7 orcs (D:4)
  2 endoplasms
  3 giant cockroaches
  14 goblins
  10 hobgoblins
  2 quokkas
  4 ball pythons
  2 bats (D:1)
  4 frilled lizards
  5 kobolds
  2 rats
73 creatures vanquished.

Vanquished Creatures (collateral kills)
  A dart slug (D:4)
  A hobgoblin (D:4)
  A frilled lizard (D:2)
  A rat (D:2)
4 creatures vanquished.

Grand Total: 77 creatures vanquished

Notes
Turn   | Place    | Note
-------+----------+-------------------------------------------
     0 | D:1      | wildpjah the Djinni Gladiator began the quest for the Orb.
     0 | D:1      | Reached XP level 1. HP: 18/18 MP: 0/0
   165 | D:1      | Reached XP level 2. HP: 15/23 MP: 0/0
   431 | D:1      | Reached XP level 3. HP: 28/28 MP: 0/0
   431 | D:1      | Learned a level 1 spell: Summon Small Mammal
  1175 | D:2      | Reached XP level 4. HP: 31/34 MP: 0/0
  1327 | D:2      | Reached skill level 1 in Armour
  1343 | D:2      | Found a faded altar of an unknown god.
  1351 | D:2      | Prayed at the altar of an unknown god.
  1351 | D:2      | Became a worshipper of Gozag Ym Sagoz the Greedy
  1725 | D:3      | Reached XP level 5. HP: 28/39 MP: 0/0
  1725 | D:3      | Learned a level 2 spell: Static Discharge
  1989 | D:4      | Found Saecw's Weapon Shop.
  2010 | D:4      | Noticed a phantom
  2041 | D:4      | Killed a phantom
  2053 | D:4      | Reached XP level 6. HP: 7/45 MP: 0/0
  2418 | D:4      | Found an ornate altar of the Wu Jian Council.
  2547 | D:4      | Reached skill level 1 in Spellcasting
  2547 | D:4      | Reached skill level 1 in Conjurations
  2547 | D:4      | Reached skill level 1 in Hexes
  2547 | D:4      | Reached skill level 1 in Summonings
  2547 | D:4      | Reached skill level 1 in Necromancy
  2547 | D:4      | Reached skill level 1 in Translocations
  2547 | D:4      | Reached skill level 1 in Transmutations
  2547 | D:4      | Reached skill level 1 in Fire Magic
  2547 | D:4      | Reached skill level 1 in Ice Magic
  2547 | D:4      | Reached skill level 1 in Air Magic
  2547 | D:4      | Reached skill level 1 in Earth Magic
  2547 | D:4      | Reached skill level 1 in Poison Magic
  2596 | D:4      | Found a shadowy altar of Dithmenos.
  2917 | D:4      | Noticed an ogre
  2934 | D:4      | Reached XP level 7. HP: 42/50 MP: 0/0
  2934 | D:4      | Learned a level 3 spell: Mephitic Cloud
  3085 | D:4      | Identified the +3 dagger of the Bouncing Deaths {heavy,
                  | rElec rCorr}
  3224 | D:5      | Entered Level 5 of the Dungeon
  3262 | D:5      | Reached skill level 1 in Stealth
  3360 | D:5      | Found a staircase to the Ecumenical Temple.
  3361 | D:5      | Noticed a water moccasin
  3396 | D:5      | Slain by a water moccasin

Illustrated notes

Levels and vault maps discovered:
D:1:      minmay_arrival_four_loops, layout_basic, st_stairs_11,
          minmay_tetromino_o4
D:2:      layout_rooms, hellmonk_ecumenical_altar_zigzags, columned_hall_lemuel
D:3:      layout_basic
D:4:      layout_basic, mainiacjoe_overflow_24_doors,
          nicolae_wu_jian_immortal_techniques, serial_shops,
          nicolae_shop_just_a_little_nook, kennysheep_big_empty_room
D:5:      layout_layer_cave, kennysheep_mini_moat, kennysheep_mini,
          minmay_temple_entry_glass, st_stairs_2, uniq_sigmund, uniq_edmund

Skill      XL: |  1  2  3  4  5  6  7 |
---------------+----------------------+-----
Long Blades    | 3 4 |  4.1
Dodging        | 4 |  4.9
Armour         | 1 2 |  2.6
Fighting       | 3 |  3.5
Spellcasting   | 1 |  1.2
Conjurations   | 1 |  1.2
Hexes          | 1 |  1.2
Summonings     | 1 |  1.2
Necromancy     | 1 |  1.2
Translocations | 1 |  1.2
Transmutations | 1 |  1.2
Fire Magic     | 1 |  1.2
Ice Magic      | 1 |  1.2
Air Magic      | 1 |  1.2
Earth Magic    | 1 |  1.2
Poison Magic   | 1 |  1.2
Stealth        | 1 |  1.1
Short Blades   | |  0.7
Throwing       | |  1.6

Action                     |  1- 3 |  4- 6 |  7- 9 || total
---------------------------+-------+-------+-------++-------
  Melee: Long sword        |    87 |    77 |       ||   164
         Punch             |       |     2 |     1 ||     3
         Short sword       |       |    37 |    62 ||    99
   Cast: Summon Small Mamm |     2 |     9 |     7 ||    18
   Stab: Sleeping          |     1 |     3 |     1 ||     5
         Distracted        |       |     2 |       ||     2
 Armour: Leather armour    |    51 |    63 |    25 ||   139
  Dodge: Dodged            |    60 |    75 |    37 ||   172

Table legend: (Time is in decaauts)
 A = Elapsed time spent in this place.
 B = Non-inter-level travel time spent in this place.
 C = Inter-level travel time spent in this place.
 D = Time resting spent in this place.
 E = Time spent auto-exploring this place.
 F = Levels seen in this place.
 G = Mean time per level.
                   A        B        C        D        E       F      G
               +--------+--------+--------+--------+--------+-----+--------+
         Total |   3421 |   3327 |     94 |      0 |   2667 |   5 |  684.2 |
       Dungeon |   3421 |   3327 |     94 |      0 |   2667 |   5 |  684.2 |
               +--------+--------+--------+--------+--------+-----+--------+

Top non-repeatable levels by time:
     D:4: 1245 daAuts
     D:1: 1027 daAuts
     D:2: 544 daAuts
     D:3: 436 daAuts
     D:5: 167 daAuts
